 Dungeon Crawl Stone Soup version 0.30.1-3-gfc49f6343a (webtiles) character file.

Game seed: 1448932721124242430

5516 Peloso the Carver (level 10, 0/89 HPs)
             Began as a Minotaur Fighter on Aug 7, 2023.
             Was a Priest of Okawaru.
             Slain by a death yak (10 damage)
             ... on level 9 of the Dungeon.
             The game lasted 00:14:54 (7314 turns).

Peloso the Carver (Minotaur Fighter)                Turns: 7314, Time: 00:14:55

Health: 0/89       AC: 16    Str: 23    XL:     10   Next: 43%
Magic:  7/9        EV: 14    Int:  5    God:    Okawaru [***...]
Gold:   362        SH:  5    Dex: 12    Spells: 9/9 levels left

rFire   . . .        a - +1 scimitar
rCold   + . .        d - +0 buckler
rNeg    . . .        C - +2 chain mail {rC+}
rPois   .            h - +1 hat
rElec   .            (no cloak)
rCorr   .            (no gloves)
SInv    .            c - +1 pair of boots
Will    +....        D - amulet of regeneration Stlth
                     e - +5 ring of evasion
HPRegen 1.14/turn    y - ring of willpower
MPRegen 0.11/turn

%: no passive effects
@: no status effects
A: horns 2, retaliatory headbutt
a: Renounce Religion, Heroism


You were on level 9 of the Dungeon.
You worshipped Okawaru.
Okawaru was most pleased with you.
You visited 2 branches of the dungeon, and saw 10 of its levels.

You collected 362 gold pieces.

Inventory:

Hand Weapons
 a - a +1 scimitar (weapon)
Armour
 c - a +1 pair of boots (worn)
 d - a +0 buckler (worn)
 h - a +1 hat (worn)
 A - a +0 plate armour
 C - a +2 chain mail of cold resistance (worn)
Magical Staves
 b - a staff of fire
Jewellery
 e - a +5 ring of evasion (left hand)
 s - a ring of magical power
 y - a ring of willpower (right hand)
 D - an amulet of regeneration (around neck)
Wands
 m - a wand of iceblast (3)
 q - a wand of polymorph (4)
Scrolls
 g - 2 scrolls of fear
 k - 2 scrolls of vulnerability {unknown}
 l - 2 scrolls of fog
 n - a scroll of enchant armour
 o - 3 scrolls of teleportation {unknown}
 r - a scroll of blinking {unknown}
 v - a scroll of torment {unknown}
 w - 2 scrolls of amnesia {unknown}
 x - 4 scrolls of identify
 z - 3 scrolls of poison
 B - a scroll of magic mapping {unknown}
Potions
 f - 3 potions of curing
 i - 2 potions of lignification
 j - a potion of invisibility
 p - 2 potions of magic
 t - 3 potions of mutation {unknown}
 u - a potion of heal wounds {unknown}


   Skills:
 + Level 8.3 Fighting
 + Level 12.8 Long Blades
 + Level 9.3 Armour
 + Level 3.6 Dodging
 + Level 1.1 Stealth
 + Level 7.0 Shields
 + Level 0.4 Unarmed Combat
 + Level 0.2 Invocations


You had 9 spell levels left.
You didn't know any spells.
Your spell library was empty.

Dungeon Overview and Level Annotations

Branches:
Dungeon (9/15)             Temple (1/1) D:7            Lair (0/5) D:8
    Orc: D:9-12

Altars:
Ashenzari
Cheibriados
Dithmenos
Elyvilon
Fedhas
Hepliaklqana
Kikubaaqudgha
Makhleb
Okawaru
Qazlal
Ru
Sif Muna
Trog
Uskayaw
Vehumet
Wu Jian
Xom
Yredelemnul
The Shining One

Shops:
D:2 *   D:4 [(


Innate Abilities, Weirdness & Mutations

You have a pair of horns on your head.
You reflexively headbutt those who attack you in melee.


Message History

* * * LOW HITPOINT WARNING * * *
You feel better.
The death yak gores you but does no damage.
Really quaff the potion of lignification?
Okay, then.
You hit the death yak.
The death yak is lightly wounded.
The death yak gores you!
* * * LOW HITPOINT WARNING * * *
You hit the death yak but do no damage.
The death yak is lightly wounded.
You hit the death yak but do no damage.
The death yak is lightly wounded.
The death yak gores you.
* * * LOW HITPOINT WARNING * * *
You hit the death yak.
The death yak is lightly wounded.
The death yak gores you but does no damage.
You hit the death yak but do no damage.
The death yak is lightly wounded.
You barely miss the death yak. Your headbutt misses the death yak.
The death yak is lightly wounded.
The death yak gores you but does no damage.
You slash the death yak!
The death yak is moderately wounded.
The death yak gores you but does no damage.
You slice the death yak!!
The death yak is severely wounded.
You hit the death yak but do no damage. You headbutt the death yak!
The death yak is severely wounded.
The death yak misses you.
You hit the death yak but do no damage. You headbutt the death yak.
The death yak is severely wounded.
You feel like a meek peon again. The death yak gores you!
* * * LOW HITPOINT WARNING * * *
You barely miss the death yak.
The death yak is severely wounded.
The death yak gores you!
You die...

..#
#.#
#.#
#.#
#Y#
#Y#
#Y#
#@#
###


You could see 3 death yaks.

Vanquished Creatures
  Gastronok (D:8)
  2 death yaks
  A wyvern (D:7)
  A steam dragon (D:7)
  An acid dragon (D:8)
  4 ice beasts
  2 sky beasts
  2 orc warriors
  5 black bears
  2 ogres
  A centaur (D:8)
  2 phantoms
  2 bullfrogs
  2 scorpions
  3 wights (D:3)
  A howler monkey (D:6)
  A hound (D:6)
  8 orc priests
  5 iguanas
  Ijyb (D:3)
  7 orc wizards
  6 gnolls
  5 adders
  2 shadow imps
  A white imp (D:5)
  3 ufetubi
  A worm (D:3)
  3 dart slugs
  26 orcs
  8 ball pythons
  5 bats
  9 endoplasms
  3 giant cockroaches
  8 goblins
  4 hobgoblins
  27 jackals
  9 kobolds
  5 quokkas
  A frilled lizard (D:1)
  13 rats
193 creatures vanquished.

Vanquished Creatures (others)
  A human (D:7)
  2 orc wizards
3 creatures vanquished.

Grand Total: 196 creatures vanquished

Notes
Turn   | Place    | Note
-------+----------+-------------------------------------------
     0 | D:1      | Peloso the Minotaur Fighter began the quest for the Orb.
     0 | D:1      | Reached XP level 1. HP: 19/19 MP: 0/0
   102 | D:1      | Reached XP level 2. HP: 26/27 MP: 1/1
   223 | D:1      | Reached skill level 3 in Long Blades
   249 | D:1      | Reached XP level 3. HP: 33/33 MP: 2/2
  1197 | D:2      | Reached XP level 4. HP: 40/40 MP: 3/3
  1201 | D:2      | Reached skill level 1 in Dodging
  1511 | D:2      | Found Cuesatt's General Store.
  1799 | D:3      | Reached skill level 4 in Long Blades
  1842 | D:3      | Reached XP level 5. HP: 27/46 MP: 4/4
  2128 | D:3      | You fall into a shaft and drop 3 floors!
  2133 | D:5      | Entered Level 5 of the Dungeon
  2145 | D:5      | Noticed a phantom
  2166 | D:5      | Killed a phantom
  2167 | D:5      | Reached skill level 5 in Long Blades
  2218 | D:4      | Found Deth's Antique Weapon Emporium.
  2249 | D:3      | Found a shadowy altar of Dithmenos.
  2261 | D:3      | Reached XP level 6. HP: 52/52 MP: 5/5
  2271 | D:3      | Reached skill level 6 in Long Blades
  2271 | D:3      | Reached skill level 5 in Armour
  2420 | D:3      | Noticed Ijyb
  2444 | D:3      | Killed Ijyb
  2530 | D:4      | Reached XP level 7. HP: 52/60 MP: 6/6
  2623 | D:4      | Reached skill level 7 in Long Blades
  2744 | D:4      | Found Dupisihy's Armour Emporium.
  3286 | D:6      | Found a snail-covered altar of Cheibriados.
  3316 | D:6      | Reached skill level 5 in Fighting
  3383 | D:6      | Reached skill level 5 in Shields
  3469 | D:5      | Found a broken altar of Ashenzari.
  3575 | D:5      | Reached skill level 8 in Long Blades
  3626 | D:5      | Reached XP level 8. HP: 65/69 MP: 7/7
  4286 | D:6      | Reached skill level 9 in Long Blades
  4935 | D:7      | Reached skill level 10 in Long Blades
  4942 | D:7      | Reached XP level 9. HP: 72/78 MP: 8/8
  4976 | D:7      | Found a staircase to the Ecumenical Temple.
  5008 | Temple   | Entered the Ecumenical Temple
  5220 | Temple   | Became a worshipper of Warmaster Okawaru
  5384 | D:7      | Found an ancient bone altar of Kikubaaqudgha.
  5690 | D:7      | Reached skill level 1 in Stealth
  5769 | D:7      | Found a stormy altar of Qazlal.
  5829 | D:7      | Found a radiant altar of Vehumet.
  5890 | D:7      | Reached skill level 11 in Long Blades
  6113 | D:7      | Found a burning altar of Makhleb.
  6612 | D:8      | Noticed Gastronok
  6623 | D:8      | Killed Gastronok
  6623 | D:8      | Reached * piety under Okawaru
  6623 | D:8      | Reached ** piety under Okawaru
  6624 | D:8      | Reached skill level 12 in Long Blades
  6624 | D:8      | Reached XP level 10. HP: 29/88 MP: 9/9
  6825 | D:8      | Noticed a death yak
  6923 | D:8      | Found a staircase to the Lair.
  6935 | D:8      | Noticed a death yak
  6935 | D:8      | Noticed a death yak
  6971 | D:8      | Killed a death yak
  7205 | D:8      | Found a hazy altar of Hepliaklqana.
  7259 | D:8      | Noticed a death yak
  7259 | D:8      | Noticed a death yak
  7260 | D:8      | Noticed a death yak
  7260 | D:8      | Noticed a death yak
  7291 | D:9      | Killed a death yak
  7291 | D:9      | Reached *** piety under Okawaru
  7297 | D:8      | Noticed a death yak
  7314 | D:9      | Slain by a death yak

Illustrated notes

Levels and vault maps discovered:
D:1:      minmay_arrival_radiant_lines, layout_basic, st_stairs_12
D:2:      minmay_chambers_of_twos, layout_basic, serial_shops,
          nicolae_square_shop, minivault_19, roderic_serpentine_path,
          cheibrodos_gnoll_hut
D:3:      layout_rooms, nicolae_dithmenos_shadow_blocks,
          minmay_misc_feat_four_crosses, dk_noncrumbling_3, uniq_ijyb
D:4:      layout_basic, serial_shops, nicolae_shop_behind_doors, shop,
          serial_glass, glass_columns_b, glass_columns_c, glass_columns_b,
          glass_columns_c, glass_columns_b, glass_columns_c
D:5:      layout_basic, cheibrodos_ashenzari_chains, sigmund_army
D:6:      layout_rooms, mainiacjoe_overflow_catwalk
D:7:      layout_basic, tgw_kikubaaqudgha, mainiacjoe_overflow_swirl,
          kennysheep_little_box, minmay_temple_entry_wispy
D:8:      layout_gridville, nzn_hepliaklqana_mist_gate, dpeg_lair_monsters,
          uniq_gastronok
D:9:      layout_basic, nemelex_diamond_rough_becter, ebering_ghost_gozag,
          minivault_8
Temple:   nicolae_temple_bog_church

Skill      XL: |  1  2  3  4  5  6  7  8  9 10 |
---------------+-------------------------------+-----
Shields        | 4 5 6 7 |  7.0
Long Blades    | 3 4 5 6 8 10 12 | 12.8
Armour         | 4 5 6 8 9 |  9.3
Fighting       | 4 5 6 7 8 |  8.3
Dodging        | 1 2 3 |  3.6
Stealth        | 1 |  1.1
Unarmed Combat | |  0.4
Invocations    | |  0.2

Action                     |  1- 3 |  4- 6 |  7- 9 | 10-12 || total
---------------------------+-------+-------+-------+-------++-------
  Melee: Long sword        |   101 |   117 |       |       ||   218
         Headbutt          |    12 |    14 |    56 |    15 ||    97
         Scimitar          |       |    29 |   282 |    62 ||   373
         Unarmed           |       |    17 |       |       ||    17
 Invoke: Heroism           |       |       |       |     3 ||     3
    Use: Potion            |     3 |       |     1 |     1 ||     5
         Scroll            |     1 |     3 |     3 |       ||     7
 Armour: Scale mail        |    56 |    61 |     7 |       ||   124
         Skin              |       |     1 |       |       ||     1
         Chain mail        |       |       |    63 |    15 ||    78
         Plate armour      |       |       |    27 |       ||    27
  Dodge: Dodged            |    61 |   103 |   140 |    33 ||   337
  Block: Buckler           |    28 |    37 |    65 |    13 ||   143
